[ AOE2 MATCH · #482028489 ]
Team RMItalians vs Vietnamese
[ REPLAY ANALYSIS · EXTRACTED FROM THE RECORDED GAME ]
Feudal
11:39
Castle
15:15
Imperial
31:21
| APM avg | 39.1 |
| APM peak | 137 |
| eAPM avg | 23.1 |
| Villagers / military | 143 / 426 |
Focus
⚔️ 54.9% · 🌾 45.1%
Skirmisher ×287 · Genoese Crossbowman ×118 · Bombard Cannon ×13 · Trebuchet (Packed) ×5 · Trade Cart ×5 · Mangonel ×1
Feudal
9:43
Castle
20:39
Imperial
36:10
| APM avg | 17.7 |
| APM peak | 58 |
| eAPM avg | 11.8 |
| Villagers / military | 125 / 384 |
Focus
⚔️ 33.9% · 🌾 66.1%
Rattan Archer ×351 · Trebuchet (Packed) ×16 · Archer ×12 · Skirmisher ×5
Feudal
11:14
Castle
21:42
Imperial
31:55
| APM avg | 18.2 |
| APM peak | 43 |
| eAPM avg | 9.7 |
| Villagers / military | 108 / 287 |
Focus
⚔️ 36.2% · 🌾 63.8%
Scout Cavalry ×248 · Skirmisher ×24 · Trebuchet (Packed) ×12 · Mangonel ×2 · Spearman ×1
Feudal
11:23
Castle
20:14
Imperial
38:32
| APM avg | 30.5 |
| APM peak | 84 |
| eAPM avg | 15.2 |
| Villagers / military | 166 / 142 |
Focus
⚔️ 25.3% · 🌾 74.7%
Archer ×138 · Mangonel ×3 · Skirmisher ×1
Feudal
11:29
Castle
16:00
Imperial
40:39
| APM avg | 47.4 |
| APM peak | 102 |
| eAPM avg | 24.2 |
| Villagers / military | 134 / 322 |
Focus
⚔️ 38.7% · 🌾 61.3%
Monaspa ×234 · Scout Cavalry ×77 · Knight ×11 · Trade Cart ×5
Feudal
10:52
Castle
14:47
Imperial
38:37
| APM avg | 44.0 |
| APM peak | 117 |
| eAPM avg | 29.6 |
| Villagers / military | 131 / 415 |
Focus
⚔️ 32.1% · 🌾 67.9%
Scout Cavalry ×219 · Knight ×193 · Trebuchet (Packed) ×3
Feudal
12:55
Castle
18:50
Imperial
35:25
| APM avg | 23.7 |
| APM peak | 58 |
| eAPM avg | 16.4 |
| Villagers / military | 109 / 369 |
Focus
⚔️ 57.4% · 🌾 42.6%
Spearman ×138 · Eagle Scout ×121 · Archer ×47 · Skirmisher ×31 · Battering Ram ×25 · Trade Cart ×6
Feudal
9:42
Castle
19:54
Imperial
34:58
| APM avg | 31.6 |
| APM peak | 96 |
| eAPM avg | 14.8 |
| Villagers / military | 105 / 196 |
Focus
⚔️ 25.0% · 🌾 75.0%
Archer ×90 · Scout Cavalry ×50 · Spearman ×50 · Trebuchet (Packed) ×3 · Mangonel ×3
Match map
Resources at game start + every placement click. Thick line = wall · dashed box = detected house wall. 🟡 gold · ⚪ stone · 🟢 berries · 🔶 boar · ⭕ relic
Your base· ✓ Closed at 15:15 · 0t walls
edgun's base· ✓ Closed at 20:39 · 1t walls
~~'s base· ✓ Closed at 21:42 · 15t walls
Escaracho's base· ✓ Closed at 20:14 · 0t walls
Profesor Caos's base· ✓ Closed at 16:00 · 12t walls
Siimlol's base· ✓ Closed at 14:47 · 2t walls
AkasunaNoSasori's base· ✓ Closed at 18:50 · 2t walls · 2 gate(s)
PeeluK4's base· ✓ Closed at 19:54 · 0t walls
Elevation-shaded terrain · ⚠ = detected wall gap · hover for details
Inputs per minute
— DMarrett13 - - edgun
Build order — DMarrett13
First 150 of 459 actions detected
| 0:01 | Create | Villager (Male) ×4 |
| 0:06 | Build | House |
| 0:08 | Build | House |
| 1:29 | Create | Villager (Male) |
| 2:04 | Create | Villager (Male) |
| 2:13 | Build | Lumber Camp |
| 2:40 | Create | Villager (Male) |
| 3:04 | Create | Villager (Male) |
| 3:21 | Build | House |
| 3:32 | Create | Villager (Male) |
| 3:42 | Create | Villager (Male) |
| 3:47 | Build | House |
| 4:37 | Build | House |
| 4:40 | Create | Villager (Male) ×2 |
| 5:15 | Build | House |
| 5:18 | Create | Villager (Male) |
| 5:35 | Build | Building 804 |
| 5:54 | Create | Villager (Male) ×5 |
| 6:59 | Build | Mill |
| 8:18 | Create | Villager (Male) ×5 |
| 8:24 | Create | Villager (Male) |
| 9:22 | Build | Mining Camp |
| 9:29 | Research | Feudal Age |
| 10:49 | Research | Loom |
| 11:39 | Age | Feudal Age |
| 11:45 | Build | Market |
| 11:47 | Build | Blacksmith |
| 11:51 | Research | Wheelbarrow |
| 12:04 | Create | Villager (Male) |
| 12:04 | Create | Villager (Male) |
| 12:20 | Research | Double-Bit Axe |
| 12:35 | Research | Castle Age |
| 13:00 | Build | Barracks |
| 13:10 | Research | Gold Mining |
| 13:15 | Research | Horse Collar |
| 14:22 | Build | Archery Range |
| 14:28 | Research | Fletching |
| 14:28 | Research | Padded Archer Armor |
| 15:14 | Create | Villager (Male) |
| 15:15 | Create | Villager (Male) |
| 15:15 | Age | Castle Age |
| 15:25 | Build | Town Center |
| 15:45 | Build | Town Center |
| 15:52 | Create | Villager (Male) |
| 15:56 | Build | Farm |
| 15:56 | Build | Farm |
| 16:18 | Build | Farm |
| 16:30 | Create | Villager (Male) |
| 16:34 | Build | Farm |
| 16:45 | Create | Villager (Male) |
| 16:55 | Create | Villager (Male) |
| 16:58 | Build | Farm |
| 17:16 | Build | Farm |
| 17:18 | Create | Villager (Male) |
| 17:24 | Create | Villager (Male) |
| 17:24 | Create | Villager (Male) |
| 17:29 | Build | Farm |
| 17:57 | Create | Villager (Male) |
| 18:03 | Build | Farm |
| 18:05 | Build | Farm |
| 18:06 | Build | Farm |
| 18:17 | Create | Villager (Male) |
| 18:21 | Build | Farm |
| 18:34 | Build | Farm |
| 18:37 | Build | Farm |
| 18:38 | Create | Villager (Male) |
| 18:45 | Build | Farm |
| 19:02 | Create | Villager (Male) |
| 19:09 | Create | Villager (Male) |
| 19:14 | Build | Farm |
| 19:23 | Build | Farm |
| 19:26 | Create | Villager (Male) |
| 19:38 | Build | Farm |
| 19:42 | Build | Farm |
| 20:00 | Build | Stone Wall |
| 20:25 | Research | Elite Skirmisher (upgrade) |
| 20:30 | Build | Stone Wall |
| 20:36 | Create | Villager (Male) ×5 |
| 20:52 | Build | Stone Wall |
| 21:02 | Create | Villager (Male) ×3 |
| 21:10 | Build | Siege Workshop |
| 21:21 | Build | House |
| 21:22 | Build | House |
| 21:23 | Build | House |
| 21:26 | Build | House |
| 21:26 | Build | House |
| 21:27 | Build | House |
| 21:42 | Create | Skirmisher |
| 21:42 | Create | Skirmisher |
| 21:43 | Create | Skirmisher |
| 21:53 | Create | Villager (Male) ×2 |
| 21:59 | Create | Mangonel |
| 22:11 | Build | Monastery |
| 22:13 | Create | Villager (Male) ×2 |
| 22:25 | Create | Villager (Male) |
| 22:42 | Create | Villager (Male) |
| 22:45 | Build | Farm |
| 22:46 | Build | Farm |
| 22:46 | Build | Farm |
| 22:46 | Build | Farm |
| 22:47 | Build | Farm |
| 22:54 | Create | Scorpion |
| 23:02 | Create | Villager (Male) ×2 |
| 23:06 | Build | Farm |
| 23:07 | Build | Farm |
| 23:19 | Build | Mill |
| 23:21 | Build | Farm |
| 23:23 | Build | Farm |
| 23:24 | Build | Farm |
| 23:26 | Build | Farm |
| 23:34 | Create | Villager (Male) ×3 |
| 23:41 | Create | Monk |
| 23:49 | Create | Skirmisher |
| 23:49 | Create | Skirmisher |
| 23:58 | Create | Villager (Male) |
| 24:12 | Build | University |
| 24:14 | Build | House |
| 24:15 | Build | House |
| 24:27 | Create | Villager (Male) ×4 |
| 24:35 | Build | Farm |
| 24:36 | Build | Farm |
| 24:49 | Build | Lumber Camp |
| 24:53 | Build | Farm |
| 25:03 | Create | Villager (Male) ×5 |
| 25:16 | Build | Mill |
| 25:17 | Build | Farm |
| 25:27 | Build | Farm |
| 25:31 | Build | Farm |
| 25:32 | Build | Farm |
| 25:37 | Build | Farm |
| 25:41 | Build | Mill |
| 25:46 | Create | Villager (Male) ×5 |
| 25:53 | Create | Villager (Male) ×3 |
| 26:02 | Build | Farm |
| 26:06 | Research | Heavy Plow |
| 26:12 | Build | Farm |
| 26:21 | Create | Villager (Male) |
| 26:46 | Create | Skirmisher |
| 26:46 | Create | Skirmisher |
| 26:49 | Create | Skirmisher |
| 27:01 | Create | Villager (Male) ×5 |
| 27:06 | Build | Farm |
| 27:08 | Build | Farm |
| 27:08 | Build | Farm |
| 27:09 | Build | Farm |
| 27:10 | Build | Farm |
| 27:23 | Build | House |
| 27:24 | Build | House |
| 27:26 | Build | House |
| 27:27 | Build | House |
Build order — edgun
First 150 of 280 actions detected
| 0:03 | Build | House |
| 0:04 | Build | House |
| 0:06 | Create | Villager (Male) |
| 0:06 | Create | Villager (Male) |
| 0:06 | Create | Villager (Male) |
| 0:06 | Create | Villager (Male) |
| 1:34 | Create | Villager (Male) |
| 2:03 | Create | Villager (Male) |
| 2:03 | Create | Villager (Male) |
| 2:20 | Build | Lumber Camp |
| 2:35 | Create | Villager (Male) |
| 2:36 | Create | Villager (Male) |
| 2:56 | Create | Villager (Male) |
| 2:56 | Create | Villager (Male) |
| 3:32 | Create | Villager (Male) |
| 3:32 | Create | Villager (Male) |
| 3:45 | Create | Villager (Male) |
| 3:46 | Create | Villager (Male) |
| 4:09 | Build | House |
| 4:19 | Create | Villager (Male) |
| 4:19 | Create | Villager (Male) |
| 4:19 | Create | Villager (Male) |
| 5:43 | Create | Villager (Male) |
| 6:13 | Build | Mill |
| 6:18 | Create | Villager (Male) |
| 6:21 | Create | Villager (Male) |
| 6:21 | Research | Loom |
| 7:27 | Research | Feudal Age |
| 7:53 | Build | House |
| 7:57 | Build | Barracks |
| 8:08 | Build | Barracks |
| 9:13 | Build | Mining Camp |
| 9:15 | Create | Villager (Male) |
| 9:20 | Create | Villager (Male) |
| 9:29 | Build | House |
| 9:43 | Age | Feudal Age |
| 10:01 | Research | Double-Bit Axe |
| 10:02 | Research | Gold Mining |
| 10:05 | Research | Horse Collar |
| 10:16 | Build | Archery Range |
| 10:39 | Build | Building 673 |
| 10:47 | Build | Stone Wall |
| 10:50 | Create | Villager (Male) |
| 10:51 | Create | Villager (Male) |
| 11:12 | Create | Villager (Male) |
| 11:16 | Build | Farm |
| 11:23 | Build | Farm |
| 11:26 | Create | Archer ×2 |
| 11:44 | Build | House |
| 11:46 | Build | House |
| 11:48 | Build | Farm |
| 12:08 | Build | Lumber Camp |
| 12:18 | Create | Villager (Male) |
| 12:21 | Create | Villager (Male) |
| 13:13 | Create | Villager (Male) |
| 13:13 | Create | Villager (Male) |
| 13:44 | Build | Blacksmith |
| 14:16 | Create | Villager (Male) |
| 14:33 | Create | Villager (Male) |
| 14:34 | Create | Villager (Male) |
| 14:37 | Build | Farm |
| 14:44 | Build | Farm |
| 14:54 | Build | Farm |
| 15:09 | Build | Farm |
| 15:23 | Create | Villager (Male) |
| 15:35 | Build | Farm |
| 15:39 | Create | Villager (Male) |
| 15:59 | Build | Farm |
| 16:10 | Create | Villager (Male) |
| 16:17 | Build | Farm |
| 16:25 | Build | Farm |
| 16:28 | Create | Villager (Male) |
| 16:51 | Build | Farm |
| 16:51 | Build | Farm |
| 16:51 | Build | Farm |
| 16:52 | Build | Farm |
| 16:53 | Build | Farm |
| 16:56 | Build | Farm |
| 17:17 | Build | Farm |
| 17:23 | Create | Villager (Male) |
| 17:52 | Build | Farm |
| 17:59 | Research | Castle Age |
| 18:13 | Create | Archer ×5 |
| 18:18 | Build | House |
| 18:19 | Build | House |
| 18:21 | Build | House |
| 18:22 | Build | House |
| 18:24 | Build | House |
| 18:27 | Build | Mining Camp |
| 18:43 | Build | Farm |
| 18:43 | Build | Farm |
| 18:44 | Build | Farm |
| 18:47 | Build | Farm |
| 18:47 | Build | Farm |
| 18:47 | Build | Farm |
| 18:48 | Build | Farm |
| 18:48 | Build | Farm |
| 18:48 | Build | Farm |
| 19:01 | Research | Fletching |
| 19:01 | Research | Padded Archer Armor |
| 19:21 | Create | Villager (Male) |
| 19:30 | Research | Stone Mining |
| 20:39 | Age | Castle Age |
| 20:44 | Build | Town Center |
| 21:03 | Create | Villager (Male) |
| 21:05 | Create | Villager (Male) |
| 21:08 | Create | Villager (Male) |
| 21:35 | Create | Villager (Male) |
| 21:51 | Research | Bow Saw |
| 21:54 | Research | Bodkin Arrow |
| 21:58 | Research | Crossbowman (upgrade) |
| 22:00 | Research | Thumb Ring |
| 22:30 | Create | Villager (Male) ×5 |
| 22:30 | Create | Villager (Male) ×5 |
| 22:30 | Create | Villager (Male) ×5 |
| 23:05 | Build | Town Center |
| 23:23 | Create | Villager (Male) |
| 23:25 | Create | Villager (Male) |
| 23:27 | Create | Villager (Male) |
| 23:27 | Create | Villager (Male) |
| 23:28 | Create | Villager (Male) |
| 23:29 | Create | Villager (Male) |
| 24:04 | Create | Villager (Male) ×5 |
| 24:29 | Create | Villager (Male) ×3 |
| 24:29 | Create | Villager (Male) ×3 |
| 24:38 | Research | Wheelbarrow |
| 25:03 | Build | Mining Camp |
| 25:09 | Create | Villager (Male) |
| 25:18 | Create | Villager (Male) |
| 25:19 | Create | Villager (Male) |
| 25:22 | Create | Villager (Male) ×2 |
| 25:22 | Create | Villager (Male) ×2 |
| 25:36 | Research | Elite Skirmisher (upgrade) |
| 25:44 | Create | Skirmisher ×5 |
| 25:53 | Create | Archer ×5 |
| 26:08 | Research | Stone Shaft Mining |
| 26:15 | Build | House |
| 26:18 | Build | House |
| 26:20 | Build | House |
| 26:21 | Build | House |
| 26:24 | Build | House |
| 26:33 | Build | Farm |
| 26:39 | Create | Villager (Male) ×5 |
| 26:47 | Create | Villager (Male) |
| 27:17 | Build | Castle |
| 27:46 | Create | Villager (Male) ×5 |
| 27:46 | Create | Villager (Male) ×5 |
| 27:46 | Create | Villager (Male) ×4 |
| 28:52 | Build | House |
| 29:04 | Research | Hand Cart |
Build order — ~~
First 150 of 304 actions detected
| 0:02 | Create | Villager (Male) |
| 0:03 | Create | Villager (Male) |
| 0:03 | Create | Villager (Male) |
| 0:03 | Create | Villager (Male) |
| 1:53 | Create | Villager (Male) |
| 2:17 | Create | Villager (Male) |
| 2:17 | Create | Villager (Male) |
| 2:39 | Build | Lumber Camp |
| 3:03 | Create | Villager (Male) |
| 3:03 | Create | Villager (Male) |
| 3:44 | Create | Villager (Male) |
| 3:57 | Create | Villager (Male) |
| 4:23 | Build | Mill |
| 4:25 | Create | Villager (Male) |
| 5:14 | Create | Villager (Male) |
| 5:14 | Create | Villager (Male) |
| 5:42 | Create | Villager (Male) |
| 5:58 | Create | Villager (Male) |
| 6:40 | Create | Villager (Male) |
| 7:14 | Create | Villager (Male) |
| 7:32 | Create | Villager (Male) |
| 7:34 | Create | Villager (Male) |
| 7:39 | Research | Loom |
| 8:07 | Build | Barracks |
| 9:04 | Research | Feudal Age |
| 9:52 | Build | Mining Camp |
| 10:34 | Create | Villager (Male) |
| 10:35 | Create | Villager (Male) |
| 10:36 | Create | Villager (Male) |
| 11:14 | Age | Feudal Age |
| 11:24 | Build | Stone Wall |
| 11:40 | Build | Building 665 |
| 11:43 | Create | Villager (Male) |
| 11:44 | Create | Villager (Male) |
| 11:47 | Research | Horse Collar |
| 11:48 | Research | Double-Bit Axe |
| 12:08 | Build | Stone Wall |
| 12:27 | Build | Farm |
| 12:33 | Build | Farm |
| 12:35 | Create | Villager (Male) |
| 12:36 | Create | Villager (Male) |
| 12:45 | Research | Gold Mining |
| 12:57 | Create | Spearman |
| 13:09 | Build | Farm |
| 13:27 | Build | Farm |
| 13:28 | Create | Villager (Male) |
| 13:29 | Create | Villager (Male) |
| 13:36 | Build | Farm |
| 13:37 | Build | Farm |
| 13:38 | Build | Farm |
| 13:39 | Build | Farm |
| 13:40 | Build | Farm |
| 14:30 | Build | Archery Range |
| 14:33 | Create | Villager (Male) |
| 14:33 | Create | Villager (Male) |
| 14:39 | Build | Farm |
| 15:03 | Build | Farm |
| 15:29 | Create | Skirmisher |
| 15:29 | Create | Skirmisher |
| 15:57 | Build | Blacksmith |
| 16:05 | Create | Villager (Male) |
| 16:06 | Create | Villager (Male) |
| 16:06 | Create | Villager (Male) |
| 16:07 | Create | Villager (Male) |
| 16:21 | Create | Skirmisher |
| 16:30 | Research | Fletching |
| 16:44 | Build | Farm |
| 16:45 | Build | Farm |
| 16:45 | Build | Farm |
| 16:55 | Research | Wheelbarrow |
| 17:22 | Research | Padded Archer Armor |
| 18:02 | Build | Mining Camp |
| 18:28 | Create | Villager (Male) |
| 18:38 | Build | Farm |
| 18:38 | Build | Farm |
| 18:39 | Build | Farm |
| 18:40 | Build | Farm |
| 18:55 | Build | Market |
| 19:02 | Research | Castle Age |
| 19:42 | Research | Stone Mining |
| 19:53 | Create | Skirmisher |
| 19:53 | Create | Skirmisher |
| 19:54 | Create | Skirmisher |
| 19:56 | Create | Skirmisher |
| 20:21 | Build | Palisade Wall |
| 20:24 | Build | Palisade Wall |
| 20:26 | Build | Palisade Wall |
| 20:30 | Create | Villager (Male) |
| 20:30 | Create | Villager (Male) |
| 21:23 | Create | Skirmisher |
| 21:23 | Create | Skirmisher |
| 21:42 | Age | Castle Age |
| 21:56 | Build | Town Center |
| 22:01 | Create | Villager (Male) |
| 22:02 | Create | Villager (Male) |
| 22:02 | Create | Villager (Male) |
| 22:02 | Create | Villager (Male) |
| 22:06 | Research | Elite Skirmisher (upgrade) |
| 22:27 | Build | Archery Range |
| 22:32 | Build | Farm |
| 22:38 | Research | Bow Saw |
| 23:08 | Research | Leather Archer Armor |
| 23:18 | Create | Villager (Male) ×5 |
| 23:28 | Build | Lumber Camp |
| 23:53 | Create | Villager (Male) |
| 23:53 | Create | Villager (Male) |
| 23:53 | Create | Villager (Male) |
| 23:54 | Create | Villager (Male) |
| 23:54 | Create | Villager (Male) |
| 24:27 | Build | Siege Workshop |
| 24:42 | Create | Skirmisher ×5 |
| 24:48 | Create | Villager (Male) |
| 24:49 | Create | Villager (Male) |
| 24:51 | Create | Mangonel |
| 25:12 | Build | Castle |
| 25:54 | Research | Bodkin Arrow |
| 25:56 | Create | Villager (Male) |
| 25:56 | Create | Villager (Male) |
| 25:57 | Create | Villager (Male) |
| 25:57 | Create | Villager (Male) |
| 25:58 | Create | Villager (Male) |
| 25:59 | Create | Villager (Male) |
| 26:13 | Build | Farm |
| 26:13 | Build | Farm |
| 26:14 | Build | Farm |
| 26:15 | Build | Farm |
| 26:16 | Build | Farm |
| 27:11 | Create | Mangonel |
| 27:30 | Research | Gold Shaft Mining |
| 27:32 | Create | Villager (Male) |
| 27:32 | Create | Villager (Male) |
| 27:34 | Create | Villager (Male) |
| 27:34 | Create | Villager (Male) |
| 28:45 | Research | Imperial Age |
| 29:04 | Build | Town Center |
| 29:13 | Research | Hand Cart |
| 29:50 | Build | Farm |
| 29:50 | Build | Farm |
| 29:51 | Build | Farm |
| 30:12 | Create | Villager (Male) ×5 |
| 31:26 | Create | Villager (Male) |
| 31:27 | Create | Villager (Male) |
| 31:28 | Create | Villager (Male) |
| 31:28 | Create | Villager (Male) |
| 31:30 | Create | Villager (Male) |
| 31:30 | Create | Villager (Male) |
| 31:33 | Research | Town Watch |
| 31:42 | Build | Stable |
| 31:43 | Build | Stable |
| 31:45 | Build | Stable |
Build order — Escaracho
First 150 of 391 actions detected
| 0:00 | Create | Villager (Male) |
| 0:00 | Create | Villager (Male) |
| 0:01 | Create | Villager (Male) |
| 0:01 | Create | Villager (Male) |
| 0:01 | Create | Villager (Male) |
| 0:03 | Build | House |
| 0:04 | Build | House |
| 1:25 | Create | Villager (Male) |
| 1:25 | Create | Villager (Male) |
| 1:44 | Build | Lumber Camp |
| 1:57 | Create | Villager (Male) |
| 2:12 | Create | Villager (Male) |
| 2:12 | Create | Villager (Male) |
| 2:46 | Create | Villager (Male) |
| 2:46 | Create | Villager (Male) |
| 2:58 | Create | Villager (Male) |
| 3:44 | Create | Villager (Male) |
| 3:44 | Create | Villager (Male) |
| 3:44 | Create | Villager (Male) |
| 3:57 | Build | Mill |
| 4:17 | Build | House |
| 4:26 | Create | Villager (Male) |
| 4:26 | Create | Villager (Male) |
| 5:00 | Create | Villager (Male) |
| 5:00 | Create | Villager (Male) |
| 5:00 | Create | Villager (Male) |
| 5:20 | Build | House |
| 5:44 | Create | Villager (Male) |
| 5:45 | Create | Villager (Male) |
| 6:06 | Create | Villager (Male) |
| 6:06 | Create | Villager (Male) |
| 6:35 | Create | Villager (Male) |
| 6:35 | Create | Villager (Male) |
| 6:36 | Create | Villager (Male) |
| 7:31 | Create | Villager (Male) |
| 7:42 | Research | Loom |
| 7:50 | Build | Barracks |
| 7:52 | Build | House |
| 8:05 | Create | Villager (Male) |
| 8:05 | Create | Villager (Male) |
| 8:42 | Create | Villager (Male) |
| 9:11 | Research | Feudal Age |
| 9:11 | Research | Feudal Age |
| 9:15 | Build | Mining Camp |
| 9:17 | Create | Villager (Male) |
| 9:33 | Create | Villager (Male) |
| 9:33 | Create | Villager (Male) |
| 9:38 | Build | House |
| 10:18 | Build | House |
| 11:18 | Build | Farm |
| 11:20 | Create | Villager (Male) |
| 11:23 | Age | Feudal Age |
| 11:25 | Build | Archery Range |
| 11:27 | Build | Archery Range |
| 11:29 | Create | Villager (Male) |
| 11:29 | Create | Villager (Male) |
| 12:15 | Create | Villager (Male) |
| 12:19 | Build | Farm |
| 12:21 | Build | Farm |
| 12:31 | Create | Archer |
| 12:31 | Create | Archer |
| 12:31 | Create | Archer |
| 12:35 | Build | Blacksmith |
| 12:42 | Build | Farm |
| 12:43 | Create | Villager (Male) |
| 12:43 | Create | Villager (Male) |
| 12:48 | Research | Double-Bit Axe |
| 12:51 | Create | Villager (Male) |
| 12:53 | Research | Gold Mining |
| 13:00 | Create | Archer |
| 13:01 | Create | Archer |
| 13:06 | Create | Villager (Male) |
| 13:11 | Create | Villager (Male) |
| 13:15 | Build | Farm |
| 13:17 | Create | Archer |
| 13:23 | Research | Fletching |
| 13:24 | Research | Fletching |
| 13:26 | Create | Archer |
| 13:26 | Create | Archer |
| 13:28 | Create | Villager (Male) |
| 13:37 | Create | Archer |
| 13:37 | Create | Archer |
| 13:43 | Build | Farm |
| 13:44 | Create | Villager (Male) |
| 13:54 | Create | Archer |
| 13:54 | Create | Archer |
| 14:00 | Create | Villager (Male) |
| 14:12 | Create | Archer |
| 14:12 | Create | Archer |
| 14:13 | Create | Villager (Male) |
| 14:19 | Build | Farm |
| 14:27 | Build | House |
| 14:29 | Create | Villager (Male) |
| 14:59 | Create | Archer |
| 14:59 | Create | Archer |
| 14:59 | Create | Archer |
| 15:00 | Create | Archer |
| 15:00 | Create | Archer |
| 15:00 | Create | Archer |
| 15:01 | Create | Villager (Male) |
| 15:02 | Create | Villager (Male) |
| 15:06 | Build | House |
| 15:06 | Build | House |
| 15:06 | Build | House |
| 15:06 | Build | House |
| 15:07 | Build | House |
| 15:07 | Build | House |
| 15:07 | Build | House |
| 15:20 | Create | Archer |
| 15:20 | Create | Archer |
| 15:22 | Create | Villager (Male) |
| 15:22 | Create | Villager (Male) |
| 15:26 | Build | Farm |
| 15:28 | Create | Villager (Male) |
| 15:28 | Create | Villager (Male) |
| 15:38 | Build | House |
| 15:39 | Build | House |
| 15:39 | Build | House |
| 15:40 | Build | House |
| 15:40 | Build | House |
| 15:40 | Build | House |
| 15:50 | Create | Archer |
| 15:51 | Create | Archer |
| 16:14 | Create | Villager (Male) |
| 16:15 | Build | Farm |
| 16:16 | Create | Villager (Male) |
| 16:21 | Build | Farm |
| 16:26 | Create | Villager (Male) |
| 16:41 | Create | Archer |
| 16:41 | Create | Archer |
| 16:41 | Create | Archer |
| 16:53 | Build | Farm |
| 16:54 | Create | Villager (Male) |
| 16:54 | Create | Villager (Male) |
| 16:57 | Build | House |
| 16:57 | Build | House |
| 16:58 | Build | House |
| 16:58 | Build | House |
| 16:59 | Build | House |
| 16:59 | Build | House |
| 16:59 | Build | House |
| 16:59 | Build | House |
| 16:59 | Build | House |
| 17:34 | Research | Castle Age |
| 17:35 | Build | Farm |
| 17:37 | Build | Farm |
| 17:38 | Build | Farm |
| 17:49 | Create | Villager (Male) |
| 17:49 | Create | Villager (Male) |
| 18:05 | Create | Archer |
Build order — Profesor Caos
First 150 of 662 actions detected
| 0:03 | Create | Villager (Male) |
| 0:03 | Create | Villager (Male) |
| 0:03 | Create | Villager (Male) |
| 0:03 | Create | Villager (Male) |
| 0:05 | Build | House |
| 0:07 | Build | House |
| 1:26 | Create | Villager (Male) |
| 2:02 | Create | Villager (Male) |
| 2:22 | Create | Villager (Male) |
| 2:50 | Create | Villager (Male) |
| 3:05 | Create | Villager (Male) |
| 3:31 | Build | House |
| 3:39 | Create | Villager (Male) |
| 3:52 | Build | Mill |
| 4:19 | Create | Villager (Male) |
| 4:19 | Create | Villager (Male) |
| 4:24 | Build | House |
| 4:55 | Build | House |
| 4:57 | Build | House |
| 5:05 | Create | Villager (Male) |
| 5:06 | Create | Villager (Male) |
| 5:28 | Create | Villager (Male) |
| 5:40 | Create | Villager (Male) |
| 5:58 | Build | Building 796 |
| 6:02 | Build | Palisade Wall |
| 6:07 | Create | Villager (Male) |
| 6:07 | Create | Villager (Male) |
| 6:37 | Create | Villager (Male) |
| 6:55 | Create | Villager (Male) |
| 7:18 | Build | Mule Cart |
| 7:39 | Build | Farm |
| 7:40 | Build | Farm |
| 7:48 | Build | Farm |
| 7:56 | Create | Villager (Male) |
| 8:12 | Build | Mule Cart |
| 8:33 | Create | Villager (Male) |
| 8:58 | Research | Feudal Age |
| 8:58 | Research | Feudal Age |
| 9:00 | Build | Mule Cart |
| 9:24 | Build | Farm |
| 9:31 | Build | Farm |
| 9:43 | Create | Villager (Male) |
| 9:43 | Create | Villager (Male) |
| 11:29 | Age | Feudal Age |
| 11:32 | Build | Market |
| 11:35 | Build | Blacksmith |
| 12:24 | Create | Villager (Male) |
| 12:37 | Build | Building 490 |
| 13:20 | Research | Castle Age |
| 13:20 | Research | Castle Age |
| 13:53 | Research | Double-Bit Axe |
| 14:03 | Build | Stone Wall |
| 14:06 | Build | Stone Wall |
| 14:10 | Build | Stone Wall |
| 14:18 | Research | Horse Collar |
| 14:18 | Research | Horse Collar |
| 14:53 | Build | Farm |
| 14:55 | Build | Farm |
| 14:59 | Build | Farm |
| 15:04 | Build | Farm |
| 15:20 | Build | Farm |
| 15:21 | Build | Farm |
| 15:24 | Research | Scale Barding Armor |
| 15:31 | Build | Barracks |
| 15:41 | Create | Villager (Male) |
| 15:42 | Create | Villager (Male) |
| 16:00 | Age | Castle Age |
| 16:17 | Build | Castle |
| 16:26 | Research | Bow Saw |
| 16:26 | Research | Bow Saw |
| 16:37 | Create | Villager (Male) |
| 16:41 | Build | House |
| 16:52 | Research | Heavy Plow |
| 17:04 | Build | House |
| 17:14 | Build | Farm |
| 17:21 | Create | Villager (Male) |
| 17:22 | Create | Villager (Male) |
| 17:39 | Create | Villager (Male) |
| 17:55 | Build | Farm |
| 17:55 | Build | Farm |
| 17:59 | Create | Villager (Male) |
| 18:18 | Build | Stable |
| 18:27 | Create | Monaspa |
| 18:27 | Create | Monaspa |
| 18:27 | Create | Monaspa |
| 18:45 | Create | Monaspa |
| 18:54 | Create | Villager (Male) |
| 18:56 | Build | Farm |
| 18:58 | Build | Farm |
| 18:59 | Build | Farm |
| 19:03 | Build | Farm |
| 19:10 | Create | Monaspa |
| 19:20 | Build | House |
| 19:21 | Build | House |
| 19:31 | Research | Bloodlines |
| 19:42 | Create | Monaspa |
| 20:17 | Research | Chain Barding Armor |
| 20:36 | Create | Monaspa |
| 20:36 | Create | Monaspa |
| 20:40 | Build | Farm |
| 20:41 | Build | Farm |
| 20:42 | Build | Farm |
| 20:46 | Create | Villager (Male) |
| 20:57 | Build | House |
| 20:57 | Build | House |
| 21:05 | Create | Villager (Male) |
| 21:05 | Create | Villager (Male) |
| 21:06 | Build | Farm |
| 21:23 | Create | Monaspa |
| 21:24 | Create | Monaspa |
| 21:31 | Build | Farm |
| 21:31 | Build | Farm |
| 21:33 | Create | Villager (Male) |
| 21:40 | Create | Villager (Male) |
| 22:09 | Create | Villager (Male) |
| 22:19 | Build | Farm |
| 22:21 | Build | Farm |
| 22:23 | Create | Villager (Male) |
| 22:25 | Build | Farm |
| 22:27 | Create | Villager (Male) |
| 22:32 | Build | House |
| 22:33 | Build | House |
| 22:34 | Create | Monaspa |
| 22:35 | Create | Monaspa |
| 22:35 | Create | Monaspa |
| 22:51 | Research | Forging |
| 23:09 | Create | Villager (Male) |
| 23:13 | Create | Monaspa |
| 23:13 | Create | Monaspa |
| 23:55 | Create | Villager (Male) |
| 23:56 | Create | Villager (Male) |
| 23:58 | Create | Monaspa |
| 23:58 | Create | Monaspa |
| 23:58 | Create | Monaspa |
| 23:58 | Create | Monaspa |
| 24:20 | Create | Villager (Male) |
| 24:20 | Create | Villager (Male) |
| 24:22 | Build | Town Center |
| 25:10 | Create | Monaspa |
| 25:10 | Create | Monaspa |
| 25:11 | Create | Monaspa |
| 25:11 | Create | Monaspa |
| 25:13 | Create | Villager (Male) |
| 25:13 | Create | Villager (Male) |
| 25:13 | Create | Villager (Male) |
| 25:15 | Build | Farm |
| 25:16 | Build | Farm |
| 25:37 | Build | House |
| 25:39 | Create | Monaspa |
| 25:58 | Research | Husbandry |
Build order — Siimlol
First 150 of 747 actions detected
| 0:06 | Create | Villager (Male) |
| 0:06 | Create | Villager (Male) |
| 0:07 | Build | House |
| 0:08 | Build | House |
| 0:11 | Create | Villager (Male) |
| 0:12 | Create | Villager (Male) |
| 1:40 | Create | Villager (Male) |
| 1:40 | Create | Villager (Male) |
| 2:15 | Create | Villager (Male) |
| 2:15 | Create | Villager (Male) |
| 2:15 | Create | Villager (Male) |
| 2:35 | Build | Lumber Camp |
| 2:38 | Create | Villager (Male) |
| 2:38 | Create | Villager (Male) |
| 2:39 | Create | Villager (Male) |
| 2:45 | Create | Villager (Male) |
| 3:27 | Create | Villager (Male) |
| 3:27 | Create | Villager (Male) |
| 3:34 | Create | Villager (Male) |
| 4:14 | Create | Villager (Male) |
| 4:14 | Create | Villager (Male) |
| 4:14 | Create | Villager (Male) |
| 4:34 | Build | House |
| 4:40 | Build | Mill |
| 5:14 | Create | Villager (Male) |
| 5:14 | Create | Villager (Male) |
| 5:14 | Create | Villager (Male) |
| 5:15 | Create | Villager (Male) |
| 5:54 | Create | Villager (Male) |
| 6:00 | Build | House |
| 6:59 | Create | Villager (Male) |
| 6:59 | Create | Villager (Male) |
| 7:00 | Create | Villager (Male) |
| 7:23 | Create | Villager (Male) |
| 7:27 | Create | Villager (Male) |
| 7:46 | Build | Farm |
| 7:48 | Build | Farm |
| 8:01 | Create | Villager (Male) |
| 8:04 | Build | Farm |
| 8:17 | Create | Villager (Male) |
| 8:18 | Research | Feudal Age |
| 8:45 | Create | Villager (Male) |
| 8:45 | Create | Villager (Male) |
| 9:00 | Build | Mining Camp |
| 9:19 | Create | Villager (Male) |
| 9:30 | Create | Villager (Male) |
| 9:35 | Build | House |
| 10:52 | Age | Feudal Age |
| 10:54 | Create | Villager (Male) |
| 11:02 | Build | Blacksmith |
| 11:04 | Build | Market |
| 11:08 | Build | Palisade Wall |
| 11:20 | Research | Double-Bit Axe |
| 11:25 | Build | Farm |
| 11:28 | Build | Farm |
| 12:07 | Research | Castle Age |
| 12:07 | Research | Castle Age |
| 12:21 | Build | Farm |
| 12:25 | Research | Double-Bit Axe |
| 12:25 | Research | Double-Bit Axe |
| 12:25 | Research | Double-Bit Axe |
| 12:28 | Build | Farm |
| 13:10 | Build | Palisade Wall |
| 13:26 | Create | Villager (Male) |
| 13:28 | Build | Barracks |
| 14:25 | Build | Stable |
| 14:47 | Age | Castle Age |
| 14:48 | Research | Loom |
| 14:56 | Research | Scale Barding Armor |
| 14:57 | Create | Villager (Male) |
| 15:04 | Build | Town Center |
| 15:09 | Create | Villager (Male) |
| 15:22 | Create | Villager (Male) |
| 15:23 | Create | Villager (Male) |
| 15:32 | Create | Knight |
| 15:32 | Create | Knight |
| 15:34 | Build | House |
| 16:19 | Create | Villager (Male) |
| 16:19 | Create | Villager (Male) |
| 16:26 | Build | Farm |
| 16:32 | Create | Knight |
| 16:32 | Create | Knight |
| 17:04 | Create | Villager (Male) |
| 17:05 | Create | Villager (Male) |
| 17:08 | Build | Farm |
| 17:09 | Create | Knight |
| 17:19 | Create | Knight |
| 17:30 | Build | Lumber Camp |
| 17:34 | Create | Villager (Male) |
| 17:35 | Create | Knight |
| 17:35 | Create | Knight |
| 18:09 | Create | Knight |
| 18:14 | Build | House |
| 18:17 | Create | Villager (Male) |
| 18:18 | Create | Villager (Male) |
| 18:22 | Build | House |
| 18:25 | Build | Farm |
| 18:27 | Build | Farm |
| 18:33 | Research | Husbandry |
| 18:34 | Create | Knight |
| 18:43 | Create | Knight |
| 18:44 | Create | Knight |
| 18:44 | Create | Knight |
| 18:49 | Build | Stable |
| 19:04 | Create | Knight |
| 19:04 | Create | Knight |
| 19:06 | Create | Villager (Male) |
| 19:08 | Create | Villager (Male) |
| 19:12 | Build | Farm |
| 19:14 | Build | Farm |
| 19:35 | Create | Knight |
| 19:35 | Create | Knight |
| 19:36 | Create | Villager (Male) |
| 19:38 | Create | Villager (Male) |
| 19:51 | Create | Knight |
| 19:51 | Create | Knight |
| 19:51 | Create | Knight |
| 20:02 | Create | Villager (Male) |
| 20:04 | Build | Farm |
| 20:05 | Build | Farm |
| 20:09 | Build | Farm |
| 20:16 | Create | Villager (Male) |
| 20:20 | Build | House |
| 20:28 | Create | Knight |
| 20:55 | Create | Villager (Male) |
| 20:55 | Create | Villager (Male) |
| 21:57 | Create | Knight |
| 21:57 | Create | Knight |
| 21:58 | Create | Villager (Male) |
| 21:59 | Create | Villager (Male) |
| 21:59 | Create | Villager (Male) |
| 22:01 | Build | House |
| 22:01 | Build | House |
| 22:02 | Build | House |
| 22:02 | Build | House |
| 22:13 | Create | Knight |
| 22:13 | Create | Knight |
| 22:25 | Research | Forging |
| 22:40 | Create | Knight |
| 22:40 | Create | Knight |
| 22:48 | Build | Mill |
| 22:49 | Build | Farm |
| 22:49 | Build | Farm |
| 22:49 | Build | Farm |
| 22:49 | Build | Farm |
| 22:49 | Build | Farm |
| 22:50 | Build | Farm |
| 22:50 | Build | Farm |
| 22:50 | Build | Farm |
| 22:50 | Build | Farm |
Build order — AkasunaNoSasori
First 150 of 603 actions detected
| 0:10 | Research | Loom |
| 0:12 | Build | House |
| 0:16 | Build | House |
| 0:30 | Create | Villager (Male) |
| 0:30 | Create | Villager (Male) |
| 0:31 | Create | Villager (Male) |
| 0:31 | Create | Villager (Male) |
| 1:34 | Create | Villager (Male) |
| 1:34 | Create | Villager (Male) |
| 2:25 | Create | Villager (Male) |
| 2:26 | Create | Villager (Male) |
| 2:26 | Create | Villager (Male) |
| 2:26 | Create | Villager (Male) |
| 2:30 | Build | Lumber Camp |
| 2:39 | Create | Villager (Male) |
| 2:39 | Create | Villager (Male) |
| 3:17 | Create | Villager (Male) |
| 3:17 | Create | Villager (Male) |
| 3:31 | Create | Villager (Male) |
| 3:31 | Create | Villager (Male) |
| 3:51 | Build | House |
| 4:28 | Create | Villager (Male) |
| 4:28 | Create | Villager (Male) |
| 5:30 | Create | Villager (Male) |
| 5:31 | Create | Villager (Male) |
| 5:31 | Create | Villager (Male) |
| 5:31 | Create | Villager (Male) |
| 5:31 | Create | Villager (Male) |
| 6:05 | Build | Palisade Gate |
| 6:06 | Build | House |
| 6:34 | Build | Mill |
| 6:40 | Build | Mill |
| 6:59 | Build | House |
| 7:01 | Build | House |
| 7:02 | Build | House |
| 7:03 | Build | Palisade Wall |
| 7:16 | Create | Villager (Male) |
| 7:16 | Create | Villager (Male) |
| 7:16 | Create | Villager (Male) |
| 8:40 | Create | Villager (Male) |
| 8:41 | Create | Villager (Male) |
| 8:41 | Create | Villager (Male) |
| 8:41 | Create | Villager (Male) |
| 8:42 | Create | Villager (Male) |
| 8:45 | Create | Villager (Male) |
| 8:45 | Create | Villager (Male) |
| 8:45 | Create | Villager (Male) |
| 9:16 | Create | Villager (Male) |
| 9:16 | Create | Villager (Male) |
| 9:43 | Create | Villager (Male) |
| 9:58 | Research | Feudal Age |
| 10:02 | Build | Mining Camp |
| 10:07 | Build | Barracks |
| 11:48 | Build | Farm |
| 12:09 | Build | Farm |
| 12:21 | Build | Farm |
| 12:55 | Age | Feudal Age |
| 12:59 | Create | Spearman |
| 13:17 | Create | Villager (Male) |
| 13:22 | Build | Blacksmith |
| 13:36 | Build | Watch Tower |
| 13:39 | Build | Archery Range |
| 13:50 | Build | Palisade Gate |
| 13:59 | Create | Villager (Male) |
| 14:08 | Research | Wheelbarrow |
| 14:30 | Build | Mining Camp |
| 15:02 | Create | Archer |
| 15:09 | Create | Archer |
| 15:15 | Create | Archer |
| 15:19 | Create | Villager (Male) |
| 15:26 | Build | Farm |
| 16:10 | Research | Castle Age |
| 16:10 | Research | Castle Age |
| 16:14 | Build | Farm |
| 16:44 | Build | Building 487 |
| 16:52 | Create | Archer |
| 17:16 | Build | Stone Wall |
| 17:39 | Build | Archery Range |
| 17:57 | Research | Double-Bit Axe |
| 17:59 | Research | Fletching |
| 18:02 | Create | Archer |
| 18:41 | Create | Archer |
| 18:50 | Age | Castle Age |
| 19:08 | Research | Bow Saw |
| 19:09 | Research | Horse Collar |
| 19:11 | Research | Gold Mining |
| 19:18 | Build | Farm |
| 19:25 | Create | Archer |
| 19:39 | Create | Archer |
| 19:51 | Build | Farm |
| 19:51 | Create | Archer |
| 19:56 | Build | Farm |
| 20:35 | Research | Crossbowman (upgrade) |
| 20:52 | Create | Villager (Male) |
| 21:00 | Build | Monastery |
| 21:04 | Create | Archer |
| 21:12 | Create | Archer |
| 21:16 | Create | Spearman |
| 21:36 | Build | House |
| 21:37 | Build | House |
| 21:39 | Research | Town Watch |
| 22:11 | Research | Heavy Plow |
| 22:14 | Create | Archer |
| 22:14 | Create | Archer |
| 22:38 | Create | Archer |
| 22:38 | Create | Archer |
| 22:47 | Create | Monk |
| 23:15 | Create | Archer |
| 23:28 | Create | Archer |
| 23:29 | Create | Archer |
| 23:34 | Create | Villager (Male) |
| 23:34 | Create | Villager (Male) |
| 23:35 | Create | Villager (Male) |
| 23:40 | Build | Town Center |
| 23:45 | Build | Town Center |
| 23:54 | Create | Archer |
| 23:55 | Create | Archer |
| 23:58 | Create | Spearman |
| 24:12 | Create | Archer |
| 24:21 | Build | House |
| 24:21 | Build | House |
| 24:29 | Create | Archer |
| 24:41 | Build | Farm |
| 24:42 | Create | Villager (Male) |
| 24:50 | Create | Archer |
| 24:52 | Create | Spearman |
| 24:57 | Create | Villager (Male) |
| 25:05 | Build | Farm |
| 25:07 | Build | Farm |
| 25:08 | Build | Farm |
| 25:09 | Create | Archer |
| 25:29 | Build | Farm |
| 25:32 | Build | Farm |
| 25:33 | Build | House |
| 25:39 | Create | Villager (Male) |
| 25:42 | Create | Villager (Male) |
| 25:43 | Create | Villager (Male) |
| 25:43 | Create | Villager (Male) |
| 25:47 | Create | Archer |
| 26:00 | Create | Villager (Male) |
| 26:02 | Build | Lumber Camp |
| 26:05 | Create | Archer |
| 26:14 | Create | Archer |
| 26:19 | Research | Bodkin Arrow |
| 26:25 | Build | Farm |
| 26:30 | Create | Villager (Male) |
| 26:32 | Create | Villager (Male) |
| 26:49 | Create | Archer |
| 26:53 | Create | Archer |
| 26:55 | Create | Spearman |
Build order — PeeluK4
First 150 of 292 actions detected
| 0:03 | Create | Villager (Male) |
| 0:03 | Create | Villager (Male) |
| 0:04 | Build | House |
| 0:05 | Build | House |
| 0:09 | Create | Villager (Male) |
| 0:24 | Create | Villager (Male) |
| 1:21 | Create | Villager (Male) |
| 1:50 | Build | Lumber Camp |
| 1:53 | Create | Villager (Male) |
| 2:12 | Create | Villager (Male) |
| 2:38 | Create | Villager (Male) |
| 2:52 | Create | Villager (Male) |
| 2:52 | Create | Villager (Male) |
| 3:36 | Create | Villager (Male) |
| 4:15 | Create | Villager (Male) |
| 4:15 | Create | Villager (Male) |
| 4:37 | Create | Villager (Male) |
| 4:38 | Create | Villager (Male) |
| 4:45 | Build | House |
| 5:02 | Create | Villager (Male) |
| 5:40 | Create | Villager (Male) |
| 5:41 | Create | Villager (Male) |
| 5:56 | Create | Villager (Male) |
| 6:15 | Create | Villager (Male) |
| 6:28 | Create | Villager (Male) |
| 6:39 | Build | House |
| 7:00 | Build | Mining Camp |
| 7:14 | Build | Mill |
| 7:32 | Research | Feudal Age |
| 7:51 | Create | Villager (Male) |
| 8:16 | Build | House |
| 9:05 | Build | Barracks |
| 9:42 | Age | Feudal Age |
| 10:11 | Build | Archery Range |
| 10:21 | Create | Villager (Male) |
| 10:21 | Create | Villager (Male) |
| 10:25 | Research | Loom |
| 10:38 | Create | Villager (Male) |
| 10:53 | Create | Archer |
| 10:53 | Create | Archer |
| 10:56 | Create | Archer |
| 11:07 | Build | House |
| 11:24 | Create | Villager (Male) |
| 11:25 | Create | Archer |
| 12:03 | Create | Villager (Male) |
| 12:11 | Build | Farm |
| 12:15 | Build | Farm |
| 12:34 | Create | Archer |
| 12:37 | Create | Villager (Male) |
| 12:46 | Build | Farm |
| 12:53 | Build | Farm |
| 13:04 | Create | Villager (Male) |
| 13:35 | Create | Villager (Male) |
| 13:41 | Create | Villager (Male) |
| 13:43 | Build | Farm |
| 13:56 | Create | Villager (Male) |
| 14:07 | Build | Farm |
| 14:12 | Build | House |
| 14:24 | Create | Archer |
| 14:27 | Create | Archer |
| 14:46 | Build | Farm |
| 14:59 | Create | Archer |
| 15:04 | Create | Villager (Male) |
| 15:06 | Build | Farm |
| 15:24 | Build | House |
| 15:52 | Build | House |
| 15:58 | Build | Farm |
| 16:23 | Create | Villager (Male) |
| 16:33 | Build | Blacksmith |
| 16:48 | Create | Archer |
| 16:55 | Build | House |
| 17:14 | Research | Castle Age |
| 17:14 | Research | Castle Age |
| 17:23 | Build | Farm |
| 17:30 | Create | Villager (Male) |
| 18:08 | Research | Fletching |
| 18:15 | Create | Archer |
| 18:15 | Create | Archer |
| 18:16 | Create | Archer |
| 18:44 | Research | Horse Collar |
| 18:48 | Create | Archer |
| 18:49 | Create | Archer |
| 19:00 | Create | Villager (Male) |
| 19:25 | Create | Villager (Male) |
| 19:27 | Create | Archer |
| 19:32 | Research | Gold Mining |
| 19:35 | Research | Padded Archer Armor |
| 19:52 | Create | Villager (Male) |
| 19:54 | Age | Castle Age |
| 19:55 | Research | Crossbowman (upgrade) |
| 19:59 | Create | Archer |
| 19:59 | Create | Archer |
| 20:28 | Create | Villager (Male) |
| 20:32 | Create | Archer |
| 20:39 | Research | Bodkin Arrow |
| 21:05 | Build | Town Center |
| 21:23 | Create | Villager (Male) |
| 21:39 | Build | House |
| 21:50 | Create | Villager (Male) |
| 21:57 | Build | House |
| 21:59 | Build | House |
| 22:23 | Create | Villager (Male) |
| 22:48 | Build | House |
| 22:51 | Create | Villager (Male) |
| 22:52 | Create | Villager (Male) |
| 22:52 | Create | Villager (Male) |
| 23:09 | Build | Farm |
| 23:10 | Create | Villager (Male) |
| 23:10 | Create | Villager (Male) |
| 23:12 | Create | Villager (Male) |
| 23:12 | Create | Villager (Male) |
| 23:24 | Build | Farm |
| 23:37 | Build | House |
| 23:49 | Build | Archery Range |
| 24:06 | Build | Farm |
| 24:07 | Research | Heavy Plow |
| 24:11 | Build | Farm |
| 24:14 | Build | Farm |
| 24:27 | Build | Farm |
| 24:34 | Create | Villager (Male) |
| 24:41 | Build | Lumber Camp |
| 24:54 | Build | Farm |
| 24:55 | Create | Villager (Male) |
| 24:55 | Create | Villager (Male) |
| 24:56 | Create | Villager (Male) |
| 25:03 | Create | Archer ×5 |
| 25:03 | Create | Archer ×4 |
| 25:25 | Research | Double-Bit Axe |
| 25:26 | Research | Double-Bit Axe |
| 25:27 | Create | Villager (Male) |
| 25:39 | Create | Villager (Male) |
| 25:46 | Create | Archer ×5 |
| 25:49 | Create | Archer |
| 26:02 | Build | House |
| 26:09 | Build | House |
| 26:23 | Create | Villager (Male) |
| 26:24 | Create | Villager (Male) |
| 26:32 | Create | Villager (Male) |
| 26:37 | Build | Farm |
| 26:40 | Create | Villager (Male) |
| 26:55 | Create | Villager (Male) |
| 27:02 | Build | University |
| 27:08 | Build | Monastery |
| 27:15 | Create | Archer ×3 |
| 27:26 | Build | Mining Camp |
| 27:31 | Build | Mining Camp |
| 27:34 | Create | Villager (Male) |
| 27:35 | Create | Villager (Male) |
| 27:37 | Create | Villager (Male) |
| 27:37 | Create | Villager (Male) |
Match timeline
| 6:02 | Profesor Caos · wall_segment Palisade Wall x1 |
| 7:03 | AkasunaNoSasori · wall_segment Palisade Wall x1 |
| 7:50 | Escaracho · first_building Barracks |
| 7:57 | edgun · first_building Barracks |
| 8:07 | ~~ · first_building Barracks |
| 9:05 | PeeluK4 · first_building Barracks |
| 9:42 | PeeluK4 · age_up feudal |
| 9:43 | edgun · age_up feudal |
| 10:07 | AkasunaNoSasori · first_building Barracks |
| 10:11 | PeeluK4 · first_building Archery Range |
| 10:16 | edgun · first_building Archery Range |
| 10:47 | edgun · wall_segment Stone Wall x1 |
| 10:52 | Siimlol · age_up feudal |
| 11:08 | Siimlol · wall_segment Palisade Wall x1 |
| 11:14 | ~~ · age_up feudal |
| 11:23 | Escaracho · age_up feudal |
| 11:24 | ~~ · wall_segment Stone Wall x5 |
| 11:25 | Escaracho · first_building Archery Range |
| 11:29 | Profesor Caos · age_up feudal |
| 11:39 | DMarrett13 · age_up feudal |
| 12:08 | ~~ · wall_segment Stone Wall x5 |
| 12:55 | AkasunaNoSasori · age_up feudal |
| 13:00 | DMarrett13 · first_building Barracks |
| 13:10 | Siimlol · wall_segment Palisade Wall x1 |
| 13:28 | Siimlol · first_building Barracks |
| 13:39 | AkasunaNoSasori · first_building Archery Range |
| 14:03 | Profesor Caos · wall_segment Stone Wall x2 |
| 14:06 | Profesor Caos · wall_segment Stone Wall x3 |
| 14:10 | Profesor Caos · wall_segment Stone Wall x6 |
| 14:22 | DMarrett13 · first_building Archery Range |
| 14:25 | Siimlol · first_building Stable |
| 14:30 | ~~ · first_building Archery Range |
| 14:47 | Siimlol · age_up castle |
| 15:15 | DMarrett13 · age_up castle |
| 15:31 | Profesor Caos · first_building Barracks |
| 16:00 | Profesor Caos · age_up castle |
| 16:17 | Profesor Caos · first_building Castle |
| 17:16 | Siimlol · first_market_sell 100 stone |
| 17:16 | AkasunaNoSasori · wall_segment Stone Wall x1 |
| 18:18 | Profesor Caos · first_building Stable |
| 18:50 | AkasunaNoSasori · age_up castle |
| 19:24 | Profesor Caos · first_market_buy 100 food |
| 19:25 | Profesor Caos · first_market_sell 100 stone |
| 19:54 | PeeluK4 · age_up castle |
| 20:00 | DMarrett13 · wall_segment Stone Wall x8 |
| 20:14 | Escaracho · age_up castle |
| 20:21 | ~~ · wall_segment Palisade Wall x1 |
| 20:24 | ~~ · wall_segment Palisade Wall x2 |
| 20:26 | ~~ · wall_segment Palisade Wall x2 |
| 20:30 | DMarrett13 · wall_segment Stone Wall x5 |
| 20:39 | edgun · age_up castle |
| 20:52 | DMarrett13 · wall_segment Stone Wall x4 |
| 21:00 | AkasunaNoSasori · first_building Monastery |
| 21:10 | DMarrett13 · first_building Siege Workshop |
| 21:38 | ~~ · first_market_sell 100 wood |
| 21:42 | ~~ · age_up castle |
| 22:11 | DMarrett13 · first_building Monastery |
| 22:44 | Escaracho · first_building Siege Workshop |
| 24:27 | ~~ · first_building Siege Workshop |
| 24:31 | Siimlol · wall_segment Palisade Wall x1 |
| 24:32 | Siimlol · wall_segment Palisade Wall x1 |
| 24:37 | Siimlol · wall_segment Palisade Wall x1 |
| 25:12 | ~~ · first_building Castle |
| 27:08 | PeeluK4 · first_building Monastery |
| 27:17 | edgun · first_building Castle |
| 27:48 | DMarrett13 · first_market_sell 500 wood |
| 28:09 | Siimlol · first_market_buy 100 stone |
| 29:00 | Profesor Caos · first_building Monastery |
| 30:21 | edgun · wall_segment Stone Wall x12 |
| 31:06 | DMarrett13 · first_building Castle |
| 31:09 | AkasunaNoSasori · first_building Castle |
| 31:21 | DMarrett13 · age_up imperial |
| 31:42 | ~~ · first_building Stable |
| 31:55 | ~~ · age_up imperial |
| 32:27 | Escaracho · first_building Castle |
| 32:36 | Escaracho · first_building Monastery |
| 32:38 | edgun · wall_segment Stone Wall x1 |
| 32:39 | edgun · wall_segment Stone Wall x1 |
| 33:37 | PeeluK4 · first_building Castle |
| 33:54 | Siimlol · first_building Castle |
| 34:58 | PeeluK4 · age_up imperial |
| 35:25 | AkasunaNoSasori · age_up imperial |
| 36:10 | edgun · age_up imperial |
| 37:13 | AkasunaNoSasori · first_building Siege Workshop |
| 37:18 | edgun · first_building Monastery |
| 38:00 | Siimlol · wall_segment Stone Wall x1 |
| 38:06 | Siimlol · wall_segment Stone Wall x1 |
| 38:14 | edgun · wall_segment Stone Wall x1 |
| 38:32 | Escaracho · age_up imperial |
| 38:37 | Siimlol · age_up imperial |
| 40:39 | Profesor Caos · age_up imperial |
| 40:40 | PeeluK4 · first_building Siege Workshop |
| 49:19 | ~~ · first_market_buy 100 stone |
| 50:24 | PeeluK4 · first_building Stable |
| 53:04 | Siimlol · resign |
| 53:58 | AkasunaNoSasori · first_market_sell 500 wood |
[ AI ANALYSIS · 1 CREDIT ]
What really happened in this match?
Wolo.gg analyzes every decision: build order, eco, micro, common mistakes by bracket. Personalized analysis on WhatsApp or Discord in 30 seconds.
Civ guide
Italians
Map guide
Glade
Perfil
DMarrett13